 Dungeon Crawl Stone Soup version 0.29-a0-393-g47a863cc1b (webtiles) character file.

Game seed: 18088401464545559073

1663 Kenran the Insei (level 8, -4/39 HPs)
             Began as a Spriggan Transmuter on May 9, 2022.
             Was a Follower of Okawaru.
             Hit by a stone thrown by a gnoll sergeant (9 damage)
             ... on level 7 of the Dungeon.
             The game lasted 00:29:53 (11427 turns).

Kenran the Insei (Spriggan Transmuter)             Turns: 11427, Time: 00:29:54

Health: -4/39      AC:  2    Str: 12    XL:     8   Next: 69%
Magic:  13/13      EV: 19    Int: 14    God:    Okawaru [*.....]
Gold:   376        SH:  5    Dex: 18    Spells: 8/13 levels left

rFire   . . .      SeeInvis +     - Unarmed
rCold   . . .      Faith    .   D - +0 buckler
rNeg    . . .      Spirit   .   a - +0 robe
rPois   +          Reflect  .   (helmet restricted)
rElec   .          Harm     .   (no cloak)
rCorr   .          Rampage  .   (gloves unavailable)
Will    +....                   (boots unavailable)
Stlth   ++++......              d - amulet of magic regeneration
HPRegen 0.13/turn               l - ring of poison resistance
MPRegen 0.53/turn               b - +6 ring of strength

@: very quick
A: very small, no large weapons, unfitting armour, see invisible, speed 3
a: Renounce Religion, Heroism


You were on level 7 of the Dungeon.
You worshipped Okawaru.
Okawaru was aware of your devotion.
You visited 2 branches of the dungeon, and saw 8 of its levels.

You collected 376 gold pieces.

Inventory:

Hand Weapons
 w - the +5 whip of Shrieking Terror {vorpal, Int+10}
   (You found it on level 3 of the Dungeon)

   It inflicts extra damage upon your enemies.
   Int:       It affects your intelligence (+10).
Missiles
 g - 158 stones (quivered)
Armour
 a - a +0 robe (worn)
 D - a +0 buckler (worn)
 E - a +1 robe of resistance
Jewellery
 b - a +6 ring of strength (right hand)
 d - an amulet of magic regeneration (around neck)
 l - a ring of poison resistance (left hand)
Wands
 q - a wand of iceblast (13)
 s - a wand of polymorph (4)
 z - a wand of paralysis (14)
 A - a wand of acid (13)
Scrolls
 e - 2 scrolls of magic mapping
 f - 3 scrolls of teleportation
 i - 3 scrolls of enchant armour {unknown}
 n - a scroll of summoning {unknown}
 o - 3 scrolls of enchant weapon
 p - a scroll of fog {unknown}
 r - a scroll of blinking {unknown}
 y - a scroll of noise {unknown}
 B - 2 scrolls of immolation {!r}
 C - a scroll of fear
Potions
 c - 2 potions of curing {@q1}
 h - 2 potions of brilliance
 j - a potion of heal wounds {@q2}
 k - 2 potions of flight
 m - a potion of resistance
 u - a potion of cancellation
 v - a potion of berserk rage {!q}
 x - a potion of might {unknown}
 F - 2 potions of attraction {!q}


   Skills:
 - Level 2.0 Fighting
 + Level 6.0 Dodging
 + Level 6.5 Stealth
 * Level 7.2 Unarmed Combat
 - Level 3.0 Spellcasting
 - Level 4.0 Transmutations
 - Level 2.0 Invocations
 - Level 2.0 Evocations


You had 8 spell levels left.
You knew the following spells:

 Your Spells              Type           Power      Damage    Failure   Level
a - Beastly Appendage     Tmut           26%        N/A       9%          1
b - Ice Form              Ice/Tmut       7%         N/A       90%         4

Your spell library contained the following spells:

 Spells                   Type           Power      Damage    Failure   Level
 Wereblood                Tmut           13%        N/A       14%         2
 Pain                     Necr           8%         1d4       43%         1
 Spider Form              Tmut/Pois      7%         N/A       52%         3
 Portal Projectile        Hex/Tloc       4%         N/A       80%         3
 Vampiric Draining        Necr           2%         2d6       80%         3
 Leda's Liquefaction      Hex/Erth       1%         N/A       99%         4
 Animate Skeleton         Necr           Unusable   N/A       N/A         1
 Call Canine Familiar     Summ           Unusable   N/A       N/A         3

Dungeon Overview and Level Annotations

Branches:
Dungeon (7/15)             Temple (1/1) D:5

Altars:
Ashenzari
Cheibriados
Dithmenos
Elyvilon
Fedhas
Gozag
Kikubaaqudgha
Makhleb
Nemelex Xobeh
Okawaru
Qazlal
Ru
Sif Muna
Trog
Uskayaw
Vehumet
Wu Jian
Xom
Yredelemnul
Zin
The Shining One

Shops:
D:5 (:(   D:6 *

Annotations:
D:4 exclusions: black bear and door, Menkaure
D:5 Dowan, Duvessa
D:7 exclusion: acid dragon


Innate Abilities, Weirdness & Mutations

You are very small and have problems with some larger weapons.
You are too small for most types of armour.
You have supernaturally acute eyesight. (SInv)
You cover ground extremely quickly. (Speed+++)


Message History

You kill the gnoll!
Okawaru accepts your kill. The gnoll barely misses you.
The gnoll sergeant completely misses you.
Found a stone staircase leading down.
The gnoll hits you but does no damage. The gnoll sergeant barely misses you.
Things that are here:
a +0 whip; a bubbling golden potion You hit the gnoll sergeant.
The gnoll sergeant is lightly wounded.
The gnoll sergeant hits you with a +0 spear!
The gnoll closely misses you.
You hit the gnoll sergeant but do no damage.
The gnoll sergeant is lightly wounded.
The gnoll hits you with a +0 spear. The gnoll sergeant barely misses you.
You hit the gnoll. Your kick misses the gnoll.
The gnoll is moderately wounded.
The gnoll sergeant hits you with a +0 spear.
The gnoll misses you.
You hit the gnoll but do no damage. Your headbutt misses the gnoll.
The gnoll is moderately wounded.
The gnoll sergeant barely misses you. The gnoll barely misses you.
You hit the gnoll.
The gnoll is severely wounded.
The gnoll closely misses you. You block the gnoll sergeant's attack.
You barely miss the gnoll.
The gnoll is severely wounded.
Your transformation is almost over.
The gnoll misses you.
The gnoll sergeant completely misses you.
You closely miss the gnoll. You headbutt the gnoll.
You kill the gnoll!
Okawaru accepts your kill.
The gnoll sergeant hits you with a +0 spear!
* * * LOW HITPOINT WARNING * * *
The gnoll sergeant throws a stone.
You block the stone.
Your horns disappear.
Your talons disappear.
A steam dragon comes into view.
The gnoll sergeant throws a stone.
The stone hits you!
You die...

##..### ##....#......... ##..
##....## ##........###..###.##+
#......###....##..D# ####....#
#......>......###.)###......#
.##.)..........# #..).........#
..))...........###..##)......##
...............##..###.......#
......###.>g......####.......#
.#......#....##.@####..###..##
...#...#...######.##.### ##.#
#.###..###.# ##..## #.. ## ###.
### #.## ## ## ###


You could see a steam dragon (wandering) and a gnoll sergeant.

Vanquished Creatures
  Grinder (D:3)
  Sigmund (D:2)
  A water moccasin (D:4)
  2 sky beasts
  2 ice beasts
  A centaur (D:5)
  A bullfrog (D:6)
  A necrophage (D:6)
  A scorpion (D:6)
  2 jellies
  2 orc priests
  4 hounds
  3 orc wizards
  Robin (D:2)
  5 adders
  12 gnolls
  A white imp (D:6)
  A worm (D:2)
  3 dart slugs
  13 orcs
  2 bats (D:3)
  6 endoplasms
  2 giant cockroaches
  16 goblins
  5 hobgoblins
  4 jackals (D:1)
  6 ball pythons
  4 frilled lizards
  10 kobolds
  5 rats
118 creatures vanquished.

Vanquished Creatures (others)
  3 plants (D:7)
3 creatures vanquished.

Grand Total: 121 creatures vanquished

Notes
Turn   | Place    | Note
-------+----------+-------------------------------------------
     0 | D:1      | Kenran the Spriggan Transmuter began the quest for the Orb.
     0 | D:1      | Reached XP level 1. HP: 9/9 MP: 5/5
    39 | D:1      | Reached skill level 1 in Stealth
   170 | D:1      | Reached skill level 1 in Fighting
   822 | D:1      | Reached XP level 2. HP: 13/14 MP: 6/6
  1004 | D:1      | Found a faded altar of an unknown god.
  1893 | D:1      | Found a faded altar of an unknown god.
  2415 | D:2      | Reached XP level 3. HP: 14/18 MP: 8/8
  2493 | D:2      | Reached skill level 3 in Unarmed Combat
  2853 | D:2      | Noticed Robin
  3060 | D:2      | Reached XP level 4. HP: 17/22 MP: 9/9
  3169 | D:2      | Noticed Sigmund
  3179 | D:2      | Killed Sigmund
  3180 | D:2      | Reached skill level 4 in Unarmed Combat
  3180 | D:2      | Reached XP level 5. HP: 25/25 MP: 10/10
  3329 | D:2      | Killed Robin
  4282 | D:3      | Identified the +5 whip of Shrieking Terror {vorpal, Int+10}
  4335 | D:3      | Reached XP level 6. HP: 30/30 MP: 11/11
  4527 | D:3      | Noticed Grinder
  4542 | D:3      | Killed Grinder
  4543 | D:3      | Reached skill level 5 in Dodging
  4543 | D:3      | Reached skill level 5 in Stealth
  4543 | D:3      | Reached skill level 5 in Unarmed Combat
  5032 | D:4      | Learned a level 4 spell: Ice Form
  5039 | D:4      | Found a white marble altar of Elyvilon.
  5220 | D:4      | Found a shimmering blue altar of Sif Muna.
  5266 | D:4      | Reached XP level 7. HP: 12/33 MP: 12/12
  5886 | D:4      | Found a glowing golden altar of the Shining One.
  6621 | D:5      | Entered Level 5 of the Dungeon
  6621 | D:5      | Noticed Duvessa
  6621 | D:5      | Noticed Dowan
  6645 | D:5      | Found Itetah's Antique Weapon Boutique.
  7144 | D:5      | Noticed Menkaure
  7336 | D:5      | Reached skill level 6 in Unarmed Combat
  7902 | D:5      | Reached skill level 1 in Evocations
  8186 | D:5      | Found a staircase to the Ecumenical Temple.
  8195 | Temple   | Entered the Ecumenical Temple
  8342 | Temple   | Became a worshipper of Warmaster Okawaru
  8407 | D:4      | Reached XP level 8. HP: 23/39 MP: 13/13
  8655 | D:5      | Found Boocs's Weapon Boutique.
  8671 | D:5      | Found Jorhy's Book Boutique.
  8777 | D:5      | Found a shadowy altar of Dithmenos.
  9380 | D:6      | Found an opulent altar of Gozag.
  9381 | D:6      | Found Gozag's Platinum Reserve.
  9497 | D:6      | Reached skill level 1 in Invocations
  9545 | D:6      | Found a blossoming altar of Fedhas.
  9812 | D:6      | Found a burning altar of Makhleb.
  9938 | D:6      | Reached * piety under Okawaru
  9939 | D:6      | Reached skill level 7 in Unarmed Combat
 10879 | D:7      | Found a broken altar of Ashenzari.
 11159 | D:7      | Noticed a manticore
 11159 | D:7      | Noticed a cyclops
 11427 | D:7      | Hit by a stone thrown by a gnoll sergeant

Illustrated notes

Levels and vault maps discovered:
D:1:      amcnicky_arrival_wind_blow, layout_loops_ring,
          nicolae_ecumenical_snake_handling, roderic_roman_lattice,
          chequers_serial_rivers_micro_a, minmay_pentomino_w2
D:2:      layout_basic, minmay_circle_x, uniq_sigmund, uniq_robin
D:3:      layout_loops_ring, kennysheep_generic_room_11, uniq_grinder
D:4:      layout_layer_cave, general_overflow_altar,
          mainiacjoe_overflow_concentric_impassable, led_sif_book,
          serial_co_window_serial, co_window_of_opportunity_a,
          co_window_paths_a, co_window_corner_a, co_window_corner_a,
          co_window_of_opportunity_a, co_window_of_opportunity_a,
          co_window_corner_a, co_window_of_opportunity_b,
          co_window_unsneaky_path_c, co_window_broadway_b,
          co_window_unsneaky_path_b, co_window_2corner, co_window_paths_c,
          glass_columns_b, glass_columns_c, glass_columns_a, glass_columns_a,
          glass_columns_a
D:5:      layout_cave_pools, kennysheep_little_box,
          minmay_temple_entry_mini_moons, serial_shops, shop, shop,
          nicolae_square_shop, serial_column_ruins, column_ruins_pillar_1,
          column_ruins_pillar_4, column_ruins_pillar_3, column_ruins_pillar_4,
          column_ruins_pillar_6, column_ruins_pillar_7, column_ruins_pillar_6,
          column_ruins_pillar_4, column_ruins_pillar_6, column_ruins_pillar_3,
          column_ruins_pillar_1, column_ruins_pillar_3, column_ruins_pillar_3,
          column_ruins_pillar_2, column_ruins_pillar_3, column_ruins_pillar_6,
          uniq_menkaure, uniq_duvessa
D:6:      layout_loops_corners, nicolae_gozag_zags_fifth_avenue, fedhas_altar_4,
          lemuel_coloured_pillars_altar, serial_rivers,
          chequers_serial_rivers_large_a, chequers_serial_rivers_small_b,
          chequers_serial_rivers_marsh, chequers_serial_rivers_marsh,
          chequers_serial_rivers_micro_a, st_stairs_2, grunt_decor_cap
D:7:      minmay_the_grid_triangle_9x9_recursive_2
          [minmay_the_grid_triangle_9x9_prize_center,
          minmay_the_grid_triangle_9x9_alien,
          minmay_the_grid_triangle_9x9_corrupted_corridor,
          minmay_the_grid_triangle_9x9_steps], layout_layer_cave,
          nicolae_hepliaklqana_hazy_memory, nicolae_ashenzari_panopticon,
          lightli_corner_chamber
Temple:   dshaligram_water_room_temple

Skill      XL: |  1  2  3  4  5  6  7  8 |
---------------+-------------------------+-----
Stealth        | 2 3 4 5 6 |  6.5
Fighting       | 1 2 |  2.0
Dodging        | 3 4 5 6 |  6.0
Unarmed Combat | 3 4 5 6 7 |  7.2
Transmutations | 4 |  4.0
Evocations     | 2 |  2.0
Spellcasting   | 3 |  3.0
Invocations    | 2 |  2.0

Action                   |  1- 3 |  4- 6 |  7- 9 || total
-------------------------+-------+-------+-------++-------
Melee: Unarmed           |   138 |   130 |   193 ||   461
       Kick              |    25 |    15 |    51 ||    91
       Headbutt          |    19 |     7 |    32 ||    58
       Punch             |     3 |     2 |     5 ||    10
Throw: Stone             |     2 |       |    13 ||    15
 Cast: Beastly Appendage |    25 |    17 |    34 ||    76
  Use: Potion            |       |     2 |     6 ||     8
       Scroll            |       |     2 |    10 ||    12
 Stab: Sleeping          |     3 |     6 |     3 ||    12
Armor: Robe              |     3 |     7 |    10 ||    20
       Skin              |       |     3 |       ||     3
Dodge: Dodged            |    85 |    68 |   148 ||   301
Block: Buckler           |       |       |    14 ||    14

Table legend: (Time is in decaauts)
 A = Elapsed time spent in this place.
 B = Non-inter-level travel time spent in this place.
 C = Inter-level travel time spent in this place.
 D = Time resting spent in this place.
 E = Time spent auto-exploring this place.
 F = Levels seen in this place.
 G = Mean time per level.
                   A        B        C        D        E       F      G
               +--------+--------+--------+--------+--------+-----+--------+
         Total |   8845 |   8520 |    325 |   3921 |   2800 |   8 | 1105.6 |
       Dungeon |   8745 |   8451 |    294 |   3921 |   2740 |   7 | 1249.3 |
        Temple |     99 |     68 |     31 |      0 |     60 |   1 |   99.0 |
               +--------+--------+--------+--------+--------+-----+--------+

Top non-repeatable levels by time:
     D:4: 2031 daAuts
     D:1: 1694 daAuts
     D:2: 1342 daAuts
     D:6: 1219 daAuts
     D:5: 1133 daAuts
     D:3: 874 daAuts
     D:7: 449 daAuts
  Temple: 99 daAuts
